 Dungeon Crawl Stone Soup version 0.32-a0-614-gd166fa89d2 (webtiles) character file.

Game seed: 15935437942550874107

86 Helix the Trooper (level 4, -3/40 HPs)
             Began as a Mountain Dwarf Fighter on Mar 5, 2024.
             Slain by Grinder (9 damage)
             ... on level 3 of the Dungeon.
             The game lasted 00:04:16 (362 turns).

Helix the Trooper (Mountain Dwarf Fighter)           Turns: 362, Time: 00:04:18

Health: -3/40      AC:  7    Str: 20    XL:     4   Next: 26%
Magic:  4/4        EV:  9    Int:  9    God:
Gold:   14         SH:  4    Dex:  9    Spells: 3/3 levels left

rFire   . . .        a - +0 war axe
rCold   . . .        c - +0 buckler
rNeg    . . .        b - +0 scale mail
rPois   .            (no helmet)
rElec   .            (no cloak)
rCorr   .            (no gloves)
SInv    .            (no boots)
Will    .....        (no amulet) Stlth
                     (no ring)
HPRegen 0.26/turn    (no ring)
MPRegen 0.09/turn

%: no passive effects
@: mighty, brilliant
A: runic magic, artefact enchanting
a: no special abilities


You were on level 3 of the Dungeon.
You visited 1 branch of the dungeon, and saw 3 of its levels.

You collected 14 gold pieces.

Inventory:

Hand Weapons
 a - a +0 war axe (weapon)
 e - a +0 war axe
Armour
 b - a +0 scale mail (worn)
 c - a +0 buckler (worn)


   Skills:
 + Level 4.1 Fighting
 + Level 3.0 Axes
 + Level 4.0 Armour
 + Level 0.1 Dodging
 + Level 4.0 Shields


You had 3 spell levels left.
You didn't know any spells.
Your spell library contained the following spells:

 Spells                   Type           Power      Damage    Failure   Level
 Necrotise                Necr           0%         1d4       54%         1
 Vampiric Draining        Necr           0%         2d6       88%         3
 Volatile Blastmotes      Fire/Tloc      0%         2d10      88%         3
 Fulminant Prism          Conj/Alch      0%         3d5       99%         4
 Iskenderun's Mystic Bla  Conj/Tloc      0%         2d3       99%         4
 Martyr's Knell           Necr/Summ      0%         N/A       99%         4
 Curse of Agony           Necr           0%         N/A       100%        5


Dungeon Overview and Level Annotations

Branches:
Dungeon (3/15)

Altars:
Elyvilon

Annotations:
D:3 Grinder


Innate Abilities, Weirdness & Mutations

Your spellcasting is much less encumbered by armour.
You can use scrolls of enchantment on lesser artefacts.


Message History

Grinder is lightly wounded.
You block Grinder's attack.
You slash Grinder!
Grinder is heavily wounded.
Grinder hits you.
You hit Grinder but do no damage.
Grinder is heavily wounded.
Grinder gestures at you.
You barely resist. Grinder completely misses you.
You hit Grinder.
Grinder is heavily wounded.
Grinder gestures at you. Pain shoots through your body!
You completely miss Grinder.
Grinder is heavily wounded.
Grinder hits you!
* * * LOW HITPOINT WARNING * * *
Grinder blinks!
You feel very mighty all of a sudden. Grinder hits you.
* * * LOW HITPOINT WARNING * * *
It was a potion of brilliance.
You feel clever all of a sudden. Grinder hits you but does no damage.
You hit Grinder.
Grinder is heavily wounded.
Grinder hits you but does no damage.
You closely miss Grinder.
Grinder is heavily wounded.
Grinder hits you.
* * * LOW HITPOINT WARNING * * *
You writhe in agony.
* * * LOW HITPOINT WARNING * * *
You closely miss Grinder.
Grinder is heavily wounded.
You block Grinder's attack.
Grinder says, "Tell me all your secrets, or I'll kill you."
Grinder hits you!
You die...
Grinder sighs, "Dead already?
I want a refund."

+### ...#
#..# #♣.ß#
#.?# #...#
+###+###+..+
#ß.ß#
#.+...+.#..#
#...#
#.#...#)#..#
#ß.ß#
+.#._.#.'##+
#...#
#.#...#.#..#
#ß.ß#
#.'...'.#..#
#..@#
'###'###'..+
#ß5♣#
#.......#..#
#...#
#.......#..#
#ß)♣#
'###+###+###
#...# ...#.#
#ß.ß# .....#
# #...#
###.## ##.
#♣.ß# .#
#... #...#


You could see Grinder.

Vanquished Creatures
  A phantom (D:2)
  A dart slug (D:2)
  2 endoplasms
  A giant cockroach (D:3)
  A hobgoblin (D:1)
  2 kobolds
  A bat (D:1)
  A rat (D:3)
10 creatures vanquished.

Notes
Turn   | Place    | Note
-------+----------+-------------------------------------------
     0 | D:1      | Helix the Mountain Dwarf Fighter began the quest for the
                  | Orb.
     0 | D:1      | Reached XP level 1. HP: 19/19 MP: 1/1
   132 | D:2      | Noticed a phantom
   154 | D:2      | Killed a phantom
   155 | D:2      | Reached XP level 2. HP: 12/27 MP: 2/2
   155 | D:2      | Reached XP level 3. HP: 15/33 MP: 3/3
   155 | D:2      | Reached XP level 4. HP: 18/40 MP: 4/4
   277 | D:3      | Found a white marble altar of Elyvilon.
   328 | D:3      | Noticed Grinder
   329 | D:3      | Paralysed by Grinder for 3 turns
   335 | D:3      | Paralysed by Grinder for 2 turns
   340 | D:3      | Paralysed by Grinder for 2 turns
   362 | D:3      | Slain by Grinder

Illustrated notes

Levels and vault maps discovered:
D:1:      dpeg_arrival_yet_another_circle, layout_basic
D:2:      layout_basic, basic_altar
D:3:      layout_rooms, mainiacjoe_overflow_24_doors, serial_shops,
          nicolae_shop_waterfront, serial_rivers,
          chequers_serial_rivers_micro_c, chequers_serial_rivers_micro_c,
          chequers_serial_rivers_large_b, chequers_serial_rivers_small_3,
          gup_sewer_entry_glass, chequers_avenue, uniq_grinder, uniq_natasha

Skill      XL: |  1 |
---------------+----+-----
Fighting       | 4 |  4.1
Axes           | 3 |  3.0
Armour         | 4 |  4.0
Shields        | 4 |  4.0
Dodging        | |  0.1

Action                     |  1- 3 |  4- 6 || total
---------------------------+-------+-------++-------
  Melee: War axe           |    23 |    28 ||    51
    Use: Scroll            |     1 |       ||     1
         Potion            |       |     2 ||     2
 Armour: Scale mail        |    20 |    19 ||    39
  Dodge: Dodged            |    15 |     7 ||    22
  Block: Buckler           |     5 |     8 ||    13

Table legend: (Time is in decaauts)
 A = Elapsed time spent in this place.
 B = Non-inter-level travel time spent in this place.
 C = Inter-level travel time spent in this place.
 D = Time resting spent in this place.
 E = Time spent auto-exploring this place.
 F = Levels seen in this place.
 G = Mean time per level.
                   A        B        C        D        E       F      G
               +--------+--------+--------+--------+--------+-----+--------+
         Total |    381 |    381 |      0 |      0 |     77 |   3 |  127.0 |
       Dungeon |    381 |    381 |      0 |      0 |     77 |   3 |  127.0 |
               +--------+--------+--------+--------+--------+-----+--------+

Top non-repeatable levels by time:
     D:3: 189 daAuts
     D:1: 103 daAuts
     D:2: 88 daAuts
